 Dungeon Crawl Stone Soup version 0.31.0-9-g3a7656b989 (webtiles) character file.

Game seed: 13551879776271400237

139 hito the Shooter (level 5, 0/38 HPs)
             Began as a Formicid Hunter on Jan 24, 2024.
             Killed from afar by an orc wizard (6 damage)
             ... with a puff of flame
             ... on level 3 of the Dungeon.
             The game lasted 00:04:05 (1534 turns).

hito the Shooter (Formicid Hunter)                  Turns: 1534, Time: 00:04:06

Health: 0/38       AC:  4    Str: 15    XL:     5   Next: 46%
Magic:  5/5        EV: 12    Int:  9    God:
Gold:   90         SH:  0    Dex: 19    Spells: 4/4 levels left

rFire   . . .        b - +2 demon trident (elec)
rCold   . . .        (no shield)
rNeg    . . .        c - +0 leather armour
rPois   .            (helmet unavailable)
rElec   .            d - +0 cloak
rCorr   .            (no gloves)
SInv    +            (no boots)
Will    .....        (no amulet)
Stlth   ++           (no ring)
HPRegen 0.26/turn    (no ring)
MPRegen 0.09/turn

%: no passive effects
@: no status effects
A: permanent stasis, dig shafts and tunnels, antennae 3, four strong arms
a: Dig, Shaft Self


You were on level 3 of the Dungeon.
You visited 1 branch of the dungeon, and saw 3 of its levels.

You collected 90 gold pieces.

Inventory:

Hand Weapons
 a - a +0 shortbow
 b - a +2 demon trident of electrocution (weapon)
 g - a +0 dagger
Missiles
 k - 6 javelins
Armour
 c - a +0 leather armour (worn)
 d - a +0 cloak (worn)
Scrolls
 e - 2 scrolls of identify {unknown}
 f - a scroll of acquirement {unknown}
 h - a scroll of torment {unknown}
 m - a scroll of fog {unknown}
 n - a scroll of butterflies
 o - a scroll of teleportation {unknown}
Potions
 i - a potion of brilliance {unknown}
 j - a potion of curing {unknown}
 l - a potion of might {unknown}


   Skills:
 - Level 2.1 Fighting
 + Level 6.3 Ranged Weapons
 - Level 1.7 Dodging
 - Level 1.2 Stealth


You had 4 spell levels left.
You didn't know any spells.
Your spell library was empty.

Dungeon Overview and Level Annotations

Branches:
Dungeon (3/15)

Altars:


Innate Abilities, Weirdness & Mutations

You cannot be hasted, slowed, berserked, paralysed or teleported.
You can dig through walls and to a lower floor.
You have a pair of large antennae on your head. (SInv)
Your four strong arms can wield two-handed weapons with a shield.


Message History

An orc wizard and an endoplasm come into view.
You shoot an arrow.
The arrow closely misses the orc wizard.
The arrow hits the endoplasm.
The endoplasm is heavily wounded.
You shoot an arrow. The arrow hits the orc wizard.
The orc wizard is lightly wounded.
You shoot an arrow.
The arrow closely misses the orc wizard.
The orc wizard casts a spell.
The orc wizard flickers and vanishes for a moment.
You hear a shout! x2
You shoot an arrow.
The arrow hits the endoplasm but does no damage.
The endoplasm is heavily wounded.
The orc wizard casts a spell at you. The puff of flame hits you!
You shoot an arrow. The arrow barely misses the endoplasm.
You shoot an arrow. The arrow hits the endoplasm.
The endoplasm is almost dead.
An orc priest comes into view. It is wielding a +0 dagger.
The orc wizard gestures at you while chanting.
The magic dart hits you!
You hear the crackle of electricity.
b - a +2 demon trident of electrocution (weapon)
The endoplasm freezes you.
You are frozen.
The orc wizard points at you and mumbles some strange words.
You resist with some effort.
You puncture the endoplasm!
Lightning courses through the endoplasm!
You kill the endoplasm!
The orc priest calls down the wrath of Beogh upon you.
The orc wizard writhes in agony.
The orc priest mumbles some strange prayers to Beogh against you.
Pain shoots through your body!
* * * LOW HITPOINT WARNING * * *
The orc wizard points at you and mumbles some strange words.
The puff of flame hits you.
You die...

#.#..........#
#####.......#....#
#...........#.....
#....##.....#.....
##....++.......<...
######......#...........
............#......#....
........................
....o..@........#.######
........o.........#.....
............#.....#.###.
............#..##.# #..
............#..##.#.....
######......#..##.####..
########..##.. ....
#........### ##.. ....


You could see an orc priest and an orc wizard (invisible).

Vanquished Creatures
  Jessica (D:2)
  Terence (D:2)
  3 adders (D:2)
  A dart slug (D:2)
  A ribbon worm (D:2)
  3 orcs (D:3)
  4 bats
  An endoplasm (D:3)
  4 giant cockroaches
  7 goblins
  7 hobgoblins
  2 jackals (D:2)
  A quokka (D:1)
  7 ball pythons
  2 frilled lizards
  3 kobolds
  6 rats
54 creatures vanquished.

Notes
Turn   | Place    | Note
-------+----------+-------------------------------------------
     0 | D:1      | hito the Formicid Hunter began the quest for the Orb.
     0 | D:1      | Reached XP level 1. HP: 16/16 MP: 1/1
    70 | D:1      | Reached XP level 2. HP: 22/22 MP: 2/2
   679 | D:1      | Reached XP level 3. HP: 27/27 MP: 3/3
   762 | D:2      | Reached skill level 5 in Ranged Weapons
   859 | D:2      | Noticed Terence
   881 | D:2      | Killed Terence
   882 | D:2      | Reached XP level 4. HP: 12/33 MP: 4/4
  1233 | D:2      | Noticed Jessica
  1242 | D:2      | Killed Jessica
  1243 | D:2      | Reached skill level 6 in Ranged Weapons
  1243 | D:2      | Reached XP level 5. HP: 38/38 MP: 5/5
  1534 | D:3      | Killed from afar by an orc wizard

Illustrated notes

Levels and vault maps discovered:
D:1:      elethiomel_arrival_quiet, layout_basic
D:2:      layout_basic, uniq_terence, uniq_jessica
D:3:      layout_basic, uniq_sigmund

Skill      XL: |  1  2  3  4 |
---------------+-------------+-----
Ranged Weapons | 5 6 |  6.3
Fighting       | |  2.1
Dodging        | |  1.7
Stealth        | |  1.2

Action                     |  1- 3 |  4- 6 || total
---------------------------+-------+-------++-------
  Melee: Demon trident     |       |     5 ||     5
   Fire: Shortbow          |   132 |    53 ||   185
Ability: Dig               |     1 |       ||     1
 Armour: Leather armour    |    40 |     9 ||    49
  Dodge: Dodged            |    48 |     3 ||    51
